 Dungeon Crawl Stone Soup version 0.18-a0-1229-ge9a1a01 (webtiles) character file.

2216 Duffy the Destroyer (level 9, -5/67 HPs)
             Began as a Grey Draconian Fire Elementalist on Feb 4, 2016.
             Was a Believer of Cheibriados.
             Engulfed by a steam dragon's steam (12 damage)
             ... on level 7 of the Dungeon.
             The game lasted 00:10:16 (8427 turns).

Duffy the Destroyer (DrFE)                          Turns: 8427, Time: 00:10:16

Health: -5/67      AC: 18    Str: 15    XL:     9   Next: 13%
Magic:  2/16       EV:  8    Int: 23    God:    Cheibriados [**....]
Gold:   355        SH:  0    Dex: 15    Spells: 5 memorised, 3 levels left

rFire  . . .     SeeInvis .     x - +2 dagger (venom)
rCold  . . .     Gourm    .     (armour unavailable)
rNeg   . . .     Faith    .     (no shield)
rPois  .         Spirit   .     (helmet restricted)
rElec  .         Dismiss  .     (no cloak)
rCorr  .         Reflect  .     h - +0 pair of gloves
SustAt .         Harm     .     (no boots)
MR     .....                    (no amulet)
Stlth  ++........               (no ring)
                                u - +5 ring of protection

@: very slow, not resistant to hostile enchantments, unstealthy
A: walk through water, unfitting armour, unbreathing, cold-blooded, AC +12
a: Bend Time, Renounce Religion


You were on level 7 of the Dungeon.
You worshipped Cheibriados.
Cheibriados was pleased with you.
You were full.

You visited 2 branches of the dungeon, and saw 8 of its levels.

You collected 355 gold pieces.


Innate Abilities, Weirdness & Mutations

You can walk through water.
Your dull iron-grey scales are very hard (AC +12).
Your body does not fit into most forms of armour.
You can survive without breathing.
You are cold-blooded and may be slowed by cold attacks.


   Skills:
 + Level 1.6 Fighting
 + Level 2.4 Dodging
 - Level 1.7 Stealth
 - Level 4.8 Spellcasting
 - Level 8.0 Conjurations
 - Level 7.8 Fire Magic


You had 3 spell levels left.
You knew the following spells:

 Your Spells              Type           Power        Failure   Level  Hunger
a - Flame Tongue          Conj/Fire      #####        1%          1    None
e - Apportation           Tloc           #.........   12%         1    None
j - Sticky Flame          Conj/Fire      #####...     4%          4    ####...
k - Fireball              Conj/Fire      #####.....   12%         5    #####..
l - Conjure Flame         Conj/Fire      #####...     1%          3    ##.....

Inventory:

Hand Weapons
 x - a +2 dagger of venom (weapon)
 H - a +3 battleaxe of freezing
 J - a +0 blowgun
Missiles
 g - 7 tomahawks (quivered)
 A - 2 silver tomahawks
 B - 2 throwing nets
 D - 10 poisoned needles
Armour
 h - a +0 pair of gloves (worn)
 G - a +0 pair of gloves
Jewellery
 u - a +5 ring of protection (left hand)
 F - an uncursed ring of stealth {unknown}
Wands
 I - a wand of flame (21/48)
Scrolls
 e - 4 scrolls of enchant weapon {unknown}
 k - a scroll of enchant armour {unknown}
 n - 4 scrolls of random uselessness {unknown}
 q - 6 scrolls of remove curse {unknown}
 r - 2 scrolls of amnesia {unknown}
 t - a scroll of blinking {unknown}
 v - 3 scrolls of identify {unknown}
 y - 2 scrolls of magic mapping {unknown}
 C - a scroll of recharging {unknown}
 E - a scroll of torment {unknown}
Potions
 c - a potion of flight {unknown}
 d - a potion of resistance {unknown}
 f - a potion of lignification {unknown}
 i - a potion of invisibility {unknown}
 j - 2 potions of heal wounds {unknown}
 m - 2 potions of haste {unknown}
 p - a potion of might {unknown}
 s - 2 potions of poison {unknown}
 w - 2 potions of curing {unknown}
 z - a potion of brilliance {unknown}
 K - a potion of agility {unknown}
Books
 a - a book of Flames
 l - a book of Cantrips
 o - a book of Party Tricks
Comestibles
 b - 3 bread rations

Dungeon Overview and Level Annotations

Branches:
Dungeon (7/15)             Temple (1/1) D:5

Altars:
Cheibriados
Dithmenos
Elyvilon
Fedhas
Kikubaaqudgha
Makhleb
Nemelex Xobeh
Okawaru
Pakellas
Qazlal
Ru
Sif Muna
Trog
Vehumet
Xom
Yredelemnul
Zin
The Shining One

Annotations:
D:4 FrancescoMac's ghost, amateur DsCK


Message History

Press: ? - help, Shift-Dir - straight line, f/p - orc warrior
Aim: an orc warrior, wielding a glaive and wearing a chain mail (almost dead)
The flame tongue misses the orc warrior.
Cast which spell? (? or * to list)
Aiming: Flame Tongue
Press: ? - help, Shift-Dir - straight line, f/p - orc warrior
Aim: an orc warrior, wielding a glaive and wearing a chain mail (almost dead)
The flame tongue hits the orc warrior.
The orc warrior is almost dead.
The orc warrior hits you with a glaive!
Cast which spell? (? or * to list)
Aiming: Flame Tongue
Press: ? - help, Shift-Dir - straight line, f/p - orc warrior
Aim: an orc warrior, wielding a glaive and wearing a chain mail (almost dead)
The flame tongue hits the orc warrior.
The orc warrior is almost dead.
The orc warrior hits you with a glaive!
Cast which spell? (? or * to list)
Aiming: Flame Tongue
Press: ? - help, Shift-Dir - straight line, f/p - orc warrior
Aim: an orc warrior, wielding a glaive and wearing a chain mail (almost dead)
The flame tongue hits the orc warrior.
You kill the orc warrior!
Cheibriados thoroughly appreciates the change of pace.
The steam dragon breathes steam at you. The ball of steam hits you!
You hear a shout!
An orc comes into view. It is wielding a dagger.
You closely miss the steam dragon. The steam dragon breathes steam at you.
The ball of steam hits you!
Found 12 gold pieces.
There is a stone staircase leading down here.
You are engulfed in a cloud of scalding steam.
You die...

## .. #. ###
##. ..# .#
#.$ #.#
....#.. #.#
....$..###.#
#@Do.#
####.#o.###.#
........)).o#
####.##.#####
#.##..#
#.###.##
######### #.#
#.(#
#.......# #.#
##.#
#.......#
#.###.......#


You could see a steam dragon and 2 orcs.

Action                   |  1- 3 |  4- 6 |  7- 9 || total
-------------------------+-------+-------+-------++-------
Melee: Dagger            |       |    84 |    58 ||   142
 Cast: Flame Tongue      |    61 |   110 |   187 ||   358
       Conjure Flame     |       |     1 |     5 ||     6
       Sticky Flame      |       |       |     6 ||     6
 Stab: Sleeping          |       |       |     2 ||     2
  Eat: Chunk             |     3 |    11 |     5 ||    19
       Meat ration       |       |       |     2 ||     2

Notes
Turn   | Place    | Note
--------------------------------------------------------------
     0 | D:1      | Duffy the Draconian Fire Elementalist began the quest for the Orb.
     0 | D:1      | Reached XP level 1. HP: 14/14 MP: 3/3
   286 | D:1      | Reached skill level 2 in Conjurations
   327 | D:1      | Reached XP level 2. HP: 20/20 MP: 0/5
  1131 | D:1      | Reached skill level 3 in Conjurations
  1156 | D:1      | Reached XP level 3. HP: 26/26 MP: 3/6
  1452 | D:2      | Learned a level 3 spell: Conjure Flame
  1524 | D:2      | Found a burning altar of Makhleb.
  1586 | D:1      | Reached XP level 4. HP: 10/33 MP: 0/7
  2593 | D:2      | You fall through a shaft!
  3168 | D:3      | Reached skill level 4 in Conjurations
  3182 | D:3      | Reached XP level 5. HP: 38/38 MP: 1/8
  3853 | D:3      | Reached skill level 4 in Fire Magic
  4240 | D:4      | Found a shadowy altar of Dithmenos.
  4265 | D:4      | Noticed an ogre
  4276 | D:4      | Killed an ogre
  4276 | D:4      | Reached skill level 3 in Spellcasting
  4276 | D:4      | Reached XP level 6. HP: 45/45 MP: 0/10
  4474 | D:4      | Reached skill level 5 in Conjurations
  4660 | D:4      | Noticed FrancescoMac's ghost (amateur DsCK)
  4746 | D:5      | Entered Level 5 of the Dungeon
  4798 | D:5      | Reached skill level 5 in Fire Magic
  4806 | D:5      | Reached XP level 7. HP: 32/50 MP: 0/11
  4806 | D:5      | Gained mutation: You can survive without breathing. [Grey Draconian growth]
  5526 | D:5      | Learned a level 4 spell: Sticky Flame
  5677 | D:5      | Found a staircase to the Ecumenical Temple.
  5686 | Temple   | Entered the Ecumenical Temple
  5866 | Temple   | Became a worshipper of Cheibriados the Contemplative
  6169 | D:5      | Reached skill level 6 in Conjurations
  6249 | D:5      | Reached skill level 6 in Fire Magic
  6659 | D:6      | Reached skill level 4 in Spellcasting
  6659 | D:6      | Reached XP level 8. HP: 57/57 MP: 7/14
  6742 | D:6      | Reached * piety under Cheibriados
  6927 | D:6      | Reached skill level 7 in Conjurations
  7156 | D:6      | Learned a level 5 spell: Fireball
  7158 | D:6      | Learned a level 1 spell: Apportation
  7248 | D:6      | Reached skill level 7 in Fire Magic
  7620 | D:6      | Found a blossoming altar of Fedhas.
  7630 | D:5      | Found a blossoming altar of Fedhas.
  8072 | D:7      | Reached XP level 9. HP: 34/62 MP: 6/16
  8283 | D:7      | Reached skill level 8 in Conjurations
  8410 | D:7      | Reached skill level 2 in Dodging
  8411 | D:7      | Reached ** piety under Cheibriados
  8411 | D:7      | Reached skill level 1 in Fighting
  8427 | D:7      | Engulfed by a steam dragon's steam

Vault maps used:
D:1:      nicolae_arrival_somewhat_less_tricky_arrival
D:2:      minmay_item_behind_shaft, makhleb_heckhound_becter
D:3:      st_stairs_11
D:4:      kennysheep_goblin_castle, grunt_dithmenos_smoke
D:5:      lemuel_upstairs_altar, minmay_temple_entry_butterflies, first_bread,
          enter_ossuary_1
D:6:      hangedman_decor_clover_reticule, fedhas_altar_3
Temple:   kilobyte_greek_temple_18

Vanquished Creatures
  A black bear
  2 orc warriors
  An ice beast
  A phantom
  A sky beast
  An ogre
  3 centaurs
  3 giant frogs
  A scorpion
  3 wights
  2 crimson imps
  2 hounds
  A centaur skeleton
  7 orc priests
  2 jellies
  6 orc wizards
  2 iguanas
  2 worker ants
  A killer bee zombie
  2 hound zombies
  2 hound skeletons
  8 adders
  A shadow imp
  An adder zombie
  6 worms
  4 giant geckos
  23 orcs
  7 giant cockroaches
  13 goblins
  10 hobgoblins
  11 jackals
  8 kobolds
  2 quokkas
  2 ball pythons
  2 bats
  A giant gecko zombie
  6 giant newts
  A jackal skeleton
  10 rats
162 creatures vanquished.
